 Dungeon Crawl Stone Soup version 0.17-a0-31-g3f54bfd (webtiles) character file.

52 Rebecca the Firebug (level 3, 0/19 HPs)
             Began as a Deep Elf Fire Elementalist on Mar 7, 2015.
             Slain by a hound zombie (3 damage)
             ... on level 3 of the Dungeon.
             The game lasted 00:03:48 (1758 turns).

Rebecca the Firebug (Deep Elf Fire Elementalist)    Turns: 1758, Time: 00:03:48

Health: 0/19       AC:  2    Str:  6    XL:     3   Next: 60%
Magic:  7/11       EV: 13    Int: 19    God:
Gold:   71         SH:  0    Dex: 15    Spells: 3 memorised, 3 levels left

rFire  . . .     SeeInvis .     h - +0 short sword
rCold  . . .     Clarity  .     a - +0 robe
rNeg   . . .     SustAb   .     (no shield)
rPois  .         Gourm    .     (no helmet)
rElec  .         Spirit   .     (no cloak)
rCorr  .         Warding  .     (no gloves)
rMut   .         Stasis   .     (no boots)
MR     .....                    (no amulet)
Stlth  ++........               (no ring)
                                (no ring)

@: not resistant to hostile enchantments, unstealthy
A: no striking features
a: no special abilities


You were on level 3 of the Dungeon.
You were not hungry.

You visited 1 branch of the dungeon, and saw 3 of its levels.

You collected 71 gold pieces.

Inventory:

Hand weapons
 d - a +0 dagger
 h - a +0 short sword (weapon)
Armour
 a - a +0 robe (worn)
Scrolls
 e - 3 scrolls of identify {unknown}
 g - 2 scrolls of remove curse {unknown}
 i - a scroll of fear {unknown}
 n - a scroll of enchant weapon {unknown}
 p - a scroll of random uselessness {unknown}
Potions
 j - a potion of heal wounds {unknown}
 k - 3 potions of might {unknown}
 m - a potion of beneficial mutation {unknown}
Books
 b - a book of Flames

   Spells                             Type                      Level
   a - Flame Tongue                   Conjuration/Fire             1
   b - Throw Flame                    Conjuration/Fire             2
   c - Conjure Flame                  Conjuration/Fire             3
   d - Inner Flame                    Hexes/Fire                   3
   e - Sticky Flame                   Conjuration/Fire             4
   f - Fireball                       Conjuration/Fire             5
Comestibles
 c - 4 bread rations
 f - 2 meat rations
 l - a slice of pizza
 o - a beef jerky


   Skills:
 - Level 2.4 Dodging
 - Level 2.4 Stealth
 * Level 3.5 Spellcasting
 * Level 3.2 Conjurations
 + Level 3.6 Fire Magic


You had 3 spell levels left.
You knew the following spells:

 Your Spells              Type           Power        Failure   Level  Hunger
a - Flame Tongue          Conj/Fire      ###..        4%          1    None
b - Throw Flame           Conj/Fire      ###...       8%          2    ##.....
c - Conjure Flame         Conj/Fire      ###.....     12%         3    ###....


Dungeon Overview and Level Annotations

Branches:
Dungeon (3/15)

Altars:


Message History

Press: ? - help, Shift-Dir - straight line, f/p - hound zombie
Aim: a hound zombie The flame tongue hits the hound zombie.
The hound zombie barely misses you. The orc priest hits you with a mace.
The hound zombie bites you.
The orc priest invokes the aid of Beogh against you.
Pain shoots through your body!
Ouch! That really hurt!
* * * LOW HITPOINT WARNING * * *
Casting: Flame Tongue
Confirm with . or Enter, or press ? or * to list all spells.
Aiming: Flame Tongue
Press: ? - help, Shift-Dir - straight line, f/p - hound zombie
Aim: a hound zombie The flame tongue misses the hound zombie.
The flame tongue hits the orc priest.
The orc priest is moderately wounded.
The hound zombie misses you. The hound zombie misses you.
The hound zombie bites you.
You die...

#### ..# .
..#######...
#.........>.
#...........
#>##oo.......
#.##o#
#.#####@##.#
#.....(Z##.#
#####......#
###########.#####
#.......###.#
#.##........#
.####.##.##.#####
.........##.#
.####.#####.#


You could see a hound zombie.

Vanquished Creatures
  A giant mite (D:2)
  A worm (D:2)
  3 giant geckos
  An ooze (D:3)
  A ball python (D:2)
  4 bats
  3 giant cockroaches
  5 goblins
  2 hobgoblins
  6 kobolds
  A giant newt (D:1)
  7 rats
35 creatures vanquished.

Notes
Turn   | Place    | Note
--------------------------------------------------------------
     0 | D:1      | Rebecca, the Deep Elf Fire Elementalist, began the quest for the Orb.
     0 | D:1      | Reached XP level 1. HP: 10/10 MP: 5/5
   360 | D:1      | Reached XP level 2. HP: 15/15 MP: 3/8
   367 | D:1      | Learned a level 2 spell: Throw Flame
  1055 | D:2      | Reached XP level 3. HP: 13/19 MP: 1/11
  1063 | D:2      | Learned a level 3 spell: Conjure Flame
  1758 | D:3      | Slain by a hound zombie

Action                   || total
-------------------------++-------
Melee: Unarmed           ||     1
       Short sword       ||    27
       Dagger            ||     6
 Cast: Flame Tongue      ||    47
  Eat: Chunk             ||     2
